Description

Extended 16 Marine stim drop with Hellbats

Replay - Extended 16 Marine drop with Hellbats

Build Order

Get SALT Encoding   

  12  0:00  SCV  
  13  0:12  SCV  
  14  0:17  Supply Depot  
  14  0:24  SCV  
  15  0:39  SCV  
  15  0:41  Barracks  
  16  0:45  Refinery  
  16  0:51  SCV  
  17  1:03  SCV  
  18  1:15  SCV  
  19  1:27  Orbital Command  
  19  1:28  Reaper  
  20  1:43  Command Center  
  20  1:53  SCV  
  21  1:58  Barracks  
  21  2:00  Barracks Reactor  
  21  2:05  SCV  
  22  2:09  Supply Depot  
  22  2:17  SCV  
  22  2:18  Refinery  
  23  2:30  SCV  
  24  2:37  Factory  
  24  2:42  SCV  
  25  2:45  Marine, Barracks Tech Lab  
  25  2:46  Marine  
  27  2:54  SCV  
  28  3:02  Orbital Command  
  28  3:03  Marine  
  30  3:06  Stimpack  
  30  3:07  SCV  
  30  3:08  Marine  
  31  3:13  Marine  
  31  3:19  SCV  
  33  3:21  Marine  
  33  3:24  Factory Reactor  
  33  3:26  Marine  
  35  3:28  SCV  
  35  3:31  SCV, Marine  
  38  3:36  Starport  
  38  3:40  SCV  
  39  3:41  Marine  
  39  3:43  SCV  
  41  3:51  Supply Depot x2  
  41  3:52  Marine, SCV  
  41  3:55  SCV  
  44  4:04  SCV  
  44  4:07  SCV  
  46  4:12  Starport Reactor, Marine x2  
  46  4:13  Hellion x2  
  46  4:16  SCV  
  53  4:17  Marine  
  53  4:19  SCV  
  53  4:23  Supply Depot  
  55  4:28  SCV  
  55  4:30  Marine  
  57  4:32  Marine  
  57  4:34  SCV  
  57  4:35  Marine  
  57  4:38  Supply Depot  
  59  4:39  Supply Depot  
  59  4:40  SCV, Hellion  
  59  4:45  Hellion  
  64  4:48  Marine  
  64  4:49  Armory  
  64  4:50  SCV  
  64  4:52  SCV  
  67  4:55  Supply Depot  
  67  4:57  Medivac  
  67  4:59  Medivac  
  71  5:00  Marine  
  71  5:01  Marine  
  71  5:04  SCV  
  74  5:07  Hellion  
  74  5:09  Hellion  
  78  5:15  Marine  
  78  5:17  Combat Shields  
  78  5:19  Marine  
  78  5:21  Marine  
  81  5:28  Hellion  
  81  5:31  Hellion  
  81  5:32  SCV x2  
  81  5:33  Marine  
  88  5:40  Marine x2  
  88  5:42  Command Center  
  82  5:44  SCV  
  83  5:51  Marine  
  83  5:56  Engineering Bay x2  
  86  5:57  Hellion  
  86  5:58  Marine x2  
  86  6:00  SCV x2  
  90  6:06  Supply Depot  
  90  6:07  Supply Depot  
  90  6:09  Marine  
  91  6:16  Marine x2  
Spawning Tool Build Advisor. Get it on Overwolf

Go to:

Details

  • Created by: propagare
  • Published on: Dec 14, 2016
  • Modified on: Dec 14, 2016
  • Patch: 3.8.0
Show
View Real Time Build Order
Export as new Build Order

Comments (0)

There are no comments. Be the first!

Create an account to comment!